 Dungeon Crawl Stone Soup version 0.17.1-2-g5865329 (webtiles) character file.

322 kaze the Shield-Bearer (level 6, -1/53 HPs)
             Began as a Minotaur Fighter on Jan 26, 2016.
             Killed by nerve-wracking pain
             ... invoked by an orc priest
              (14 damage)
             ... on level 3 of the Dungeon.
             The game lasted 00:06:36 (1572 turns).

kaze the Shield-Bearer (Minotaur Fighter)           Turns: 1572, Time: 00:06:36

Health: -1/53      AC:  9    Str: 22    XL:     6   Next: 22%
Magic:  5/5        EV:  6    Int:  5    God:
Gold:   100        SH: 10    Dex: 10    Spells: 0 memorised, 5 levels left

rFire  . . .     SeeInvis .     r - +2 mace (crush)
rCold  . . .     Clarity  .     k - +0 chain mail
rNeg   . . .     SustAt   .     c - +0 shield
rPois  .         Gourm    .     (helmet restricted)
rElec  .         Spirit   .     (no cloak)
rCorr  .         Warding  .     (no gloves)
rMut   .         Stasis   .     (no boots)
MR     .....                    (no amulet)
Stlth  ..........               (no ring)
                                (no ring)

@: not resistant to hostile enchantments, extremely unstealthy
A: retaliatory headbutt, horns 2
a: no special abilities


You were on level 3 of the Dungeon.
You were not hungry.

You visited 1 branch of the dungeon, and saw 3 of its levels.

You collected 100 gold pieces.

Inventory:

Hand Weapons
 a - a +0 war axe
 r - a +2 mace of crushing (weapon)
Armour
 b - a +0 scale mail
 c - a +0 shield (worn)
 k - a +0 chain mail (worn)
Scrolls
 f - a scroll of amnesia {unknown}
 i - 2 scrolls of identify {unknown}
 l - a scroll of fear {unknown}
 n - a scroll of teleportation {unknown}
 q - a scroll of enchant armour {unknown}
Potions
 d - 2 potions of might
 h - 3 potions of curing {unknown}
 j - a potion of degeneration {unknown}
 o - 2 potions of haste {unknown}
 p - a potion of cure mutation {unknown}
Comestibles
 e - 2 bread rations
 g - 2 meat rations
 m - a beef jerky


   Skills:
 + Level 4.7 Fighting
 + Level 3.7 Axes
 + Level 5.2 Armour
 + Level 2.3 Dodging
 + Level 0.1 Stealth
 + Level 5.4 Shields


You had 5 spell levels left.
You didn't know any spells.

Dungeon Overview and Level Annotations

Branches:
Dungeon (3/15)

Altars:


Innate Abilities, Weirdness & Mutations

You reflexively headbutt those who attack you in melee.
You have a pair of horns on your head.


Message History

An orc comes into view. It is wielding a vampiric hand axe.
Your shield and chain mail prevent you from hitting the orc.
The orc completely misses you. You furiously retaliate!
You headbutt the orc, but do no damage.
Things that are here:
a club; a hobgoblin corpse You hit the orc but do no damage.
Your headbutt misses the orc. You block the orc's attack.
You sock the orc!
You kill the orc!
You closely miss the orc. The orc hits you but does no damage.
You thump the orc!
You kill the orc!
You block the orc's attack.
You hit the orc but do no damage. The orc hits you but does no damage.
You hit the orc.
You kill the orc!
The orc priest calls down the wrath of Beogh upon you.
Pain shoots through your body!
You die...

#.# #.# ##.##
###...### o......
#.).# #o# #)# ##@#
#..# #.## ... #.#
#### #.. #.# #..
..# #.# #.# #.#
#.######.#####.#
#...........##.####
########.##.##.##..


You could see an orc priest.

Vanquished Creatures
  Sigmund (D:2)
  An orc priest (D:3)
  Terence (D:2)
  4 gnolls (D:3)
  2 adders
  A worm (D:2)
  4 orcs (D:3)
  4 bats
  4 giant cockroaches
  8 hobgoblins
  2 jackals (D:1)
  5 kobolds
  2 giant geckos
  6 giant newts
  3 goblins
  5 rats
53 creatures vanquished.

Notes
Turn   | Place    | Note
--------------------------------------------------------------
     0 | D:1      | kaze the Minotaur Fighter began the quest for the Orb.
     0 | D:1      | Reached XP level 1. HP: 19/19 MP: 0/0
   186 | D:1      | Reached XP level 2. HP: 25/27 MP: 1/1
   228 | D:1      | Reached skill level 4 in Armour
   633 | D:2      | Noticed Terence
   650 | D:2      | Killed Terence
   650 | D:2      | Reached XP level 3. HP: 22/33 MP: 2/2
   785 | D:2      | Noticed Sigmund
   796 | D:2      | Killed Sigmund
   796 | D:2      | Reached skill level 5 in Armour
   796 | D:2      | Reached skill level 1 in Dodging
   796 | D:2      | Reached skill level 5 in Shields
   796 | D:2      | Reached XP level 4. HP: 12/41 MP: 3/3
   796 | D:2      | Reached XP level 5. HP: 13/47 MP: 4/4
  1415 | D:3      | Reached XP level 6. HP: 19/53 MP: 5/5
  1572 | D:3      | Killed from afar by an orc priest

Action                   |  1- 3 |  4- 6 || total
-------------------------+-------+-------++-------
Melee: War axe           |    84 |    47 ||   131
       Mace              |       |    19 ||    19
  Eat: Fruit             |       |     3 ||     3
       Beef jerky        |       |     1 ||     1
